Map: Crimson Court LE

Players

xBenx

  • Race: Zerg Zerg
  • League: Gold
  • Spawn Location: 1:00

Artanis - Winner!

  • Race: Terran Terran
  • League: Platinum
  • Spawn Location: 7:00

VOD

Have the link to the VOD?

Description

xBenx vs Artanis

Time

  • Played on: March 28, 2024, 8:08 p.m.
  • Length: 7:39
Show
View Real Time Build Order
Export as new Build Order

xBenx Zerg 

Build Orders: Hatch First 

Get SALT Encoding   

  12  0:02  Drone  
  13  0:14  Overlord  
  13  0:24  Drone  
  14  0:45  Hatchery  
  13  0:51  Drone  
  13  0:52  Drone  
  15  1:05  Extractor  
  14  1:14  Spawning Pool  
  14  1:15  Drone  
  14  1:19  Drone  
  15  1:39  Drone x3  
  18  1:50  Overlord  
  18  1:59  Drone  
  19  2:01  Zergling x2  
  20  2:13  Drone  
  20  2:14  Queen  
  23  2:17  Queen  
  25  2:31  Drone x2  
  25  2:32  Drone x2  
  29  2:40  Baneling Nest  
  28  2:50  Drone x2  
  30  2:51  Lair  
  29  3:00  Zergling x4  
  31  3:06  Spore Crawler  
  31  3:08  Spore Crawler  
  31  3:09  Drone x2  
  31  3:12  Drone  
  32  3:37  Overlord  
  32  3:38  Drone  
  32  3:39  Drone  
  34  3:44  Hatchery  
  34  3:46  Metabolic Boost  
  33  3:58  Extractor  
  32  4:05  Drone x3, Hydralisk Den  
  32  4:08  Zergling x8  
  37  4:22  Drone  
  38  4:24  Centrifugal Hooks  
  38  4:27  Baneling  
  38  4:30  Overlord  
  37  4:44  Drone x4  
  41  4:45  Extractor  
  41  4:48  Baneling x2  
  40  4:55  Drone x4  
  40  4:56  Drone x2  
  40  4:57  Drone, Extractor, Queen  
  48  5:00  Pneumatized Carapace  
  48  5:03  Baneling  
  48  5:22  Drone x2  
  48  5:23  Drone x2  
  48  5:26  Drone x3  
  48  5:27  Zergling x2, Hydralisk  
  57  5:40  Zergling x2  
  57  5:41  Zergling x4  
  53  6:01  Zergling x10, Hydralisk x2  
  55  6:18  Overlord x2  
  39  6:33  Hydralisk x2  
  39  6:34  Zergling x10, Hydralisk x2  
  39  6:38  Zergling x2  
Show
View Real Time Build Order
Export as new Build Order

Artanis Terran - Winner!

Build Orders: Mech 

Get SALT Encoding   

  12  0:03  SCV  
  13  0:15  SCV  
  14  0:21  Supply Depot  
  14  0:27  SCV  
  15  0:36  Refinery  
  15  0:43  SCV  
  15  0:44  Supply Depot  
  16  0:57  Supply Depot, SCV  
  16  1:02  Refinery  
  17  1:09  SCV  
  18  1:21  Barracks  
  18  1:23  SCV  
  19  1:35  SCV  
  20  1:47  SCV  
  21  1:59  SCV  
  22  2:09  Marine  
  22  2:10  Factory  
  22  2:15  Barracks  
  23  2:16  SCV  
  24  2:28  SCV, Marine  
  26  2:32  Supply Depot  
  26  2:40  SCV  
  27  2:46  Marine  
  28  2:54  Factory Tech Lab, Starport  
  28  3:03  Marine  
  28  3:05  Barracks Tech Lab  
  29  3:08  SCV  
  30  3:13  Siege Tank  
  33  3:21  Orbital Command  
  33  3:24  Concussive Shells  
  33  3:26  Marauder  
  35  3:32  Supply Depot  
  35  3:37  Medivac  
  37  3:43  Barracks Tech Lab  
  37  3:47  Hellion  
  39  3:59  SCV  
  40  4:04  Marauder  
  40  4:05  Stimpack  
  40  4:09  Marine  
  42  4:11  Widow Mine  
  42  4:16  Viking  
  47  4:19  SCV  
  47  4:24  Infernal Pre-Igniter  
  48  4:30  Combat Shield  
  48  4:39  Cyclone  
  50  4:47  Marine  
  50  4:50  Marauder  
  53  4:53  Medivac  
  55  5:25  Supply Depot  
  55  5:29  Command Center  
  55  5:30  Marine x2  
  55  5:31  Supply Depot  
  52  5:51  Marine, Reaper  
  54  6:02  Viking  
  56  6:09  Marine  
  55  6:19  Widow Mine  
  55  6:23  Marine  
  58  6:27  Marine  
  58  6:32  Viking  
  61  6:41  Marine, Widow Mine  
  61  6:45  Marine  
  65  6:59  Marine  
  65  7:02  Siege Tank, Medivac  
  65  7:03  Marauder  
  69  7:15  SCV  
  70  7:17  Marauder  
  70  7:26  Refinery  
  70  7:27  SCV  
  70  7:28  Refinery  
  70  7:29  Factory x2  
Tags
 
Composition
Mech
Matchup
TvZ
Spawn Locations
Cross Positions
Add a new tag
Caveats
  • Supply blocks, unpowered buildings, or Contaminate may cause inaccurate times.
  • Supply counts are checked every 10 seconds.